 Dungeon Crawl Stone Soup version 0.29.1-13-g9f3cf754e1 (webtiles) character file.

Game seed: 12259919345716449580

6169 kingofthe the Fighter (level 10, -2/83 HPs)
             Began as a Minotaur Fighter on Jan 22, 2023.
             Was a Priest of Hepliaklqana.
             Slain by a killer bee (4 damage)
             ... on level 9 of the Dungeon.
             The game lasted 00:27:24 (11246 turns).

kingofthe the Fighter (Minotaur Fighter)           Turns: 11246, Time: 00:27:25

Health: -2/83      AC: 21    Str: 20    XL:     10   Next: 60%
Magic:  9/9        EV:  9    Int:  5    God:    Hepliaklqana [***...]
Gold:   1150       SH:  5    Dex: 15    Spells: 9/9 levels left

rFire   . . .      SeeInvis .   a - +2 short sword (vamp)
rCold   + . .      Faith    .   c - +0 buckler
rNeg    . . .      Spirit   .   f - +0 plate armour
rPois   .          Reflect  .   (helmet restricted)
rElec   .          Harm     .   G - +2 cloak {rCorr}
rCorr   +          Rampage  .   o - +1 pair of gloves
Will    .....                   m - +0 pair of boots
Stlth   ..........              (no amulet)
HPRegen 0.23/turn               l - ring of protection from cold
MPRegen 0.11/turn               (no ring)

@: lethally poisoned (-2 -> -8)
A: reduced essence, horns 2, retaliatory headbutt
a: Renounce Religion, Recall Ancestor, Ancestor Identity, Transference


You were on level 9 of the Dungeon.
You worshipped Hepliaklqana.
Hepliaklqana was most pleased with you.
You visited 2 branches of the dungeon, and saw 10 of its levels.
You also visited: Ossuary and Bailey.

You collected 1228 gold pieces.
You spent 78 gold pieces at shops.

Inventory:

Hand Weapons
 a - a +2 vampiric short sword (weapon)
 b - a +1 sling of flaming
 n - a +0 trident
 t - a +1 dagger of speed
 F - a +3 hand axe
 H - a +2 long sword of protection
 M - a +2 vorpal hand axe
 O - a +2 dagger of venom
Armour
 c - a +0 buckler (worn)
 f - a +0 plate armour (worn)
 h - a +0 ring mail
 j - a +0 scale mail
 m - a +0 pair of boots (worn)
 o - a +1 pair of gloves (worn)
 y - a +0 chain mail
 G - a +2 cloak of preservation (worn)
Jewellery
 l - a ring of protection from cold (left hand)
Wands
 v - a wand of mindburst (10)
 D - a wand of acid (12)
 J - a wand of iceblast (8)
 N - a wand of paralysis (3)
 P - a wand of flame (11)
Scrolls
 e - 2 scrolls of torment
 g - 5 scrolls of identify
 i - a scroll of enchant armour
 k - 4 scrolls of enchant weapon
 r - 3 scrolls of teleportation
 w - a scroll of blinking
 z - 2 scrolls of amnesia
 B - 2 scrolls of brand weapon
 E - a scroll of immolation
Potions
 d - 7 potions of might
 p - 2 potions of haste
 q - 2 potions of mutation
 s - a potion of degeneration {unknown}
 u - a potion of ambrosia {unknown}
 x - 2 potions of heal wounds
 A - 4 potions of curing
 C - 2 potions of attraction
 I - a potion of magic {unknown}
 K - a potion of brilliance {unknown}
 L - a potion of experience {unknown}


   Skills:
 + Level 10.1 Fighting
 + Level 6.8 Short Blades
 - Level 3.0 Polearms
 - Level 5.0 Ranged Weapons
 + Level 10.0 Armour
 + Level 8.7 Dodging
 - Level 5.0 Shields


You had 9 spell levels left.
You didn't know any spells.
Your spell library contained the following spells:

 Spells                   Type           Power      Damage    Failure   Level
 Ignite Poison            Fire/Tmut/Pois 0%         N/A       100%        3
 Mephitic Cloud           Conj/Pois/Air  0%         N/A       100%        3
 Stone Arrow              Conj/Erth      0%         3d7       100%        3
 Animate Armour           Summ/Erth      0%         N/A       100%        4
 Freezing Cloud           Conj/Ice/Air   0%         6-21      100%        5
 Lehudib's Crystal Spear  Conj/Erth      0%         10d2      100%        8


Dungeon Overview and Level Annotations

Branches:
Dungeon (9/15)             Temple (1/1) D:4            Lair (0/5) D:8
Ossuary (visited)          Bailey (visited)
    Orc: D:9-12

Altars:
Ashenzari
Cheibriados
Dithmenos
Elyvilon
Fedhas
Gozag
Hepliaklqana
Kikubaaqudgha
Makhleb
Nemelex Xobeh
Qazlal
Ru
Sif Muna
Trog
Uskayaw
Vehumet
Wu Jian
Xom
Yredelemnul
Zin
The Shining One

Shops:
D:4 *   D:5 (


Innate Abilities, Weirdness & Mutations

Your life essence is reduced to manifest your ancestor. (-10% HP)
You have a pair of horns on your head.
You reflexively headbutt those who attack you in melee.


Message History

The killer bee stings you but does no damage.
You closely miss the killer bee. Your headbutt misses the killer bee.
The killer bee is severely wounded.
You feel sick. You block the killer bee's attack.
You closely miss the killer bee. Your headbutt misses the killer bee.
The killer bee is severely wounded.
You feel sick. You block the killer bee's attack.
The killer bee stings you but does no damage.
You hit the killer bee.
The killer bee is severely wounded.
You feel sick.
The killer bee stings you but does no damage.
You hit the killer bee.
The killer bee is almost dead.
You feel sick.
The killer bee stings you but does no damage.
The killer bee barely misses you.
You miss the killer bee.
The killer bee is almost dead.
You feel sick. The killer bee stings you!
* * * LOW HITPOINT WARNING * * *
The killer bee stings you!
* * * LOW HITPOINT WARNING * * *
You are more poisoned.
The killer bee poisons you!
You hit the killer bee.
The killer bee is almost dead.
You feel very sick.
The killer bee stings you but does no damage.
You miss the killer bee.
The killer bee is almost dead.
You feel sick. The killer bee stings you!
* * * LOW HITPOINT WARNING * * *
The killer bee stings you.
* * * LOW HITPOINT WARNING * * *
You miss the killer bee.
The killer bee is almost dead.
* * * LOW HITPOINT WARNING * * *
You feel sick. The killer bee stings you.
You die...

.........#.....+. .. ..
..#####..#.....+......
..#...#..#.....#.#.#. ##
..#...#..#.......... ..#
..#...'>.+......#..#.#.#
..#...'..#............
..#...#..#...#..#†#.#..#.
#####..........y.......
.........#..#.#@#..#.#..
................#y....
.........#.#.#..###.#...
##......................
#...........#.#.#..#.#.
###########............
###...#.#.#.. ##.......
....#.


You could see a killer bee.

Vanquished Creatures
  2 vault guards (Bailey)
  Prince Ribbit (Bailey)
  4 humans (Bailey)
  2 yaks (D:9)
  A steam dragon (D:8)
  A water moccasin (D:6)
  An orc warrior (D:8)
  An ice beast (D:6)
  A black bear (D:6)
  An ogre (D:5)
  A centaur (D:9)
  A kobold brigand (D:7)
  7 bullfrogs
  3 scorpions
  3 water moccasin zombies (Ossuary)
  6 killer bees
  7 hounds
  5 orc priests
  Crazy Yiuf (D:6)
  2 iguanas
  Natasha (twice) (D:2)
  2 orc wizards
  2 mummies (Ossuary)
  Robin (D:2)
  A gnoll (Bailey)
  6 adders
  A shadow imp (D:7)
  3 adder zombies (Ossuary)
  2 worms
  2 dart slugs (D:1)
  14 orcs
  9 ball pythons
  9 bats
  5 endoplasms
  5 giant cockroaches
  11 hobgoblins
  8 quokkas
  4 frilled lizards
  4 gnoll zombies (Ossuary)
  18 goblins
  5 hobgoblin zombies (Ossuary)
  12 kobolds
  4 kobold zombies (Ossuary)
  2 orc zombies (Ossuary)
  2 rats (D:1)
185 creatures vanquished.

Vanquished Creatures (collateral kills)
  2 yaks (D:9)
  A steam dragon (D:8)
  An orc warrior (D:8)
  4 bullfrogs
  A necrophage (D:7)
  A kobold brigand (D:6)
  3 water moccasin zombies (Ossuary)
  3 killer bees (D:9)
  A jelly (D:7)
  3 iguanas
  2 orc wizards (D:8)
  An orc (D:8)
  A hobgoblin (Bailey)
  3 kobolds
  2 hobgoblin zombies (Ossuary)
  An orc zombie (Ossuary)
30 creatures vanquished.

Vanquished Creatures (others)
  5 hexers
  2 ancestors (D:6)
7 creatures vanquished.

Grand Total: 222 creatures vanquished

Notes
Turn   | Place    | Note
-------+----------+-------------------------------------------
     0 | D:1      | kingofthe the Minotaur Fighter began the quest for the Orb.
     0 | D:1      | Reached XP level 1. HP: 19/19 MP: 0/0
    97 | D:1      | Reached XP level 2. HP: 27/27 MP: 1/1
   118 | D:1      | Found a faded altar of an unknown god.
   661 | D:1      | Reached XP level 3. HP: 32/33 MP: 2/2
   996 | D:2      | Reached skill level 1 in Ranged Weapons
  1156 | D:2      | Reached XP level 4. HP: 40/40 MP: 3/3
  1465 | D:2      | Noticed Natasha
  1474 | D:2      | Killed Natasha
  1606 | D:2      | Noticed Robin
  1617 | D:2      | Noticed Natasha
  1629 | D:2      | Killed Robin
  1641 | D:2      | Killed Natasha
  1642 | D:2      | Reached XP level 5. HP: 39/47 MP: 4/4
  2055 | D:3      | Reached skill level 5 in Armour
  2055 | D:3      | Reached skill level 5 in Shields
  2296 | D:3      | Reached skill level 5 in Fighting
  2852 | D:4      | Reached XP level 6. HP: 45/56 MP: 5/5
  2983 | D:4      | Found a staircase to the Ecumenical Temple.
  3059 | Temple   | Entered the Ecumenical Temple
  3387 | Temple   | Became a worshipper of Hepliaklqana the Forgotten
  3445 | D:4      | Found Lytsil's Assorted Antiques.
  3455 | D:4      | Bought 3 scrolls labelled MEESOS ATREUBI for 78 gold pieces
  3575 | D:4      | Reached skill level 1 in Dodging
  4149 | D:5      | Entered Level 5 of the Dungeon
  4527 | D:5      | Reached XP level 7. HP: 61/61 MP: 6/6
  5309 | D:5      | Found Zaducw's Antique Weapon Shop.
  5380 | D:5      | Reached * piety under Hepliaklqana
  5891 | D:6      | Found a runed translucent door.
  5892 | D:6      | Noticed Crazy Yiuf
  5996 | D:6      | Reached XP level 8. HP: 45/63 MP: 7/7
  6004 | D:6      | Reached skill level 5 in Dodging
  6648 | D:6      | Reached skill level 1 in Short Blades
  6773 | D:6      | Killed Crazy Yiuf
  7400 | D:7      | Found a sand-covered staircase.
  7405 | Ossuary  | Entered an ossuary
  7429 | Ossuary  | Reached skill level 5 in Ranged Weapons
  7447 | Ossuary  | Reached ** piety under Hepliaklqana
  7448 | Ossuary  | Remembered your ancestor Romanian Police as a hexer
  8255 | D:7      | Reached XP level 9. HP: 72/72 MP: 8/8
  8683 | D:8      | Identified a scroll of acquirement
  8683 | D:8      | Acquired 690 gold pieces
  8744 | D:8      | Found a flagged portal.
  8775 | Bailey   | Entered a bailey
  9172 | Bailey   | Noticed Prince Ribbit
  9172 | Bailey   | Noticed a vault guard
  9221 | Bailey   | Killed Prince Ribbit
  9262 | Bailey   | Reached skill level 5 in Short Blades
  9628 | Bailey   | Killed a vault guard
  9629 | Bailey   | Reached XP level 10. HP: 31/81 MP: 9/9
  9942 | Bailey   | Noticed a vault guard
  9986 | Bailey   | Killed a vault guard
 10383 | D:8      | Found a staircase to the Lair.
 10580 | D:8      | Reached *** piety under Hepliaklqana
 10986 | D:9      | Found a white marble altar of Elyvilon.
 11024 | D:9      | Reached skill level 10 in Fighting
 11139 | D:9      | Found an opulent altar of Gozag.
 11219 | D:9      | Reached skill level 10 in Armour
 11245 | D:9      | HP: 3/83 [killer bee (2)]
 11246 | D:9      | Slain by a killer bee

Illustrated notes

Levels and vault maps discovered:
D:1:      tarquinn_simple_flora_water_e, layout_rooms,
          shapermc_ecumenical_altar_mp_vishouse, minmay_tetromino_t4
D:2:      layout_loops_cross, nrook_campfire, uniq_natasha, uniq_robin
D:3:      layout_loops_ring
D:4:      layout_basic, minmay_temple_entry_statues_fountains, serial_shops,
          nicolae_lakefront_shop, kennysheep_windowed_goal
D:5:      layout_basic, serial_shops, nicolae_square_shop
D:6:      layout_cave_pools, hangedman_decor_lopped, hangedman_decor_push,
          patterned_corridor, uniq_crazy_yiuf_cottage
D:7:      layout_loops_ring, nicolae_ossuary_entry_false_entrances,
          hangedman_decor_slide_cut
D:8:      layout_loops_ring, lair_entry_dummy, enter_bailey_2,
          minmay_misc_feat_roman
D:9:      layout_irregular_city, elyvilon_altar_5,
          lemuel_coloured_pillars_altar, grunt_gozag_breadcrumbs, serial_shops,
          shop, hangedman_decor_points
Temple:   compressed_dpeg_triangle_lava_temple

Skill      XL: |  1  2  3  4  5  6  7  8  9 10 |
---------------+-------------------------------+-----
Armour         | 4 5 6 7 9 10 | 10.0
Fighting       | 4 5 6 7 9 10 | 10.1
Shields        | 4 5 |  5.0
Polearms       | 3 |  3.0
Ranged Weapons | 1 2 3 4 5 |  5.0
Dodging        | 2 4 6 7 8 |  8.7
Short Blades   | 3 5 6 |  6.8

Action                   |  1- 3 |  4- 6 |  7- 9 | 10-12 || total
-------------------------+-------+-------+-------+-------++-------
Melee: Trident           |    57 |     4 |       |       ||    61
       Headbutt          |     4 |    31 |    97 |    28 ||   160
       Short sword       |       |   181 |   387 |   134 ||   702
 Fire: Sling             |    40 |   101 |    87 |    14 ||   242
Invok: Ancestor Life: He |       |       |     1 |       ||     1
       Ancestor Identity |       |       |     1 |       ||     1
       Recall Ancestor   |       |       |     1 |     1 ||     2
  Use: Scroll            |       |     1 |    14 |       ||    15
       Potion            |       |       |     6 |       ||     6
 Stab: Confused          |       |       |     3 |     1 ||     4
       Distracted        |       |       |     4 |     1 ||     5
       Fleeing           |       |       |     1 |       ||     1
Armor: Scale mail        |    10 |       |       |       ||    10
       Ring mail         |    27 |    57 |       |       ||    84
       Chain mail        |       |    46 |   171 |       ||   217
       Plate armour      |       |       |       |    89 ||    89
Dodge: Dodged            |    48 |    89 |   145 |    53 ||   335
Block: Buckler           |    11 |    46 |   102 |    45 ||   204
